 Dungeon Crawl Stone Soup version 0.30.0-10-gfe55d96785 (webtiles) character file.

Game seed: 5317819926557543075

6827 qw the Cleaver (level 11, -1/68 HPs)
             Began as a Gargoyle Cinder Acolyte on May 17, 2023.
             Was a Believer of Ignis.
             Slain by Maurice
             ... wielding a +0 dagger
              (6 damage)
             ... on level 9 of the Dungeon.
             The game lasted 00:04:58 (7603 turns).

qw the Cleaver (Gargoyle Cinder Acolyte)            Turns: 7603, Time: 00:04:58

Health: -1/68      AC:  0    Str: 23    XL:     11   Next: 5%
Magic:  12/12      EV: 18    Int: 14    God:    Ignis [**....]
Gold:   0          SH:  0    Dex: 10    Spells: 12/12 levels left

rFire   + . .        Y - melded +3 war axe (drain)
rCold   . . .        d - melded +0 buckler
rNeg    + + .        b - melded +0 plate armour
rPois   inf          (helmet currently unavailable)
rElec   +            o - melded +0 cloak
rCorr   .            k - melded +0 pair of gloves
SInv    .            m - melded +0 pair of boots
Will    .....        a - amulet of Dithmenos's Delight {Acrobat rElec rN+ Stlth+}
Stlth   ++           l - melded +5 ring of evasion
HPRegen 0.31/turn    f - melded ring of protection from cold
MPRegen 0.13/turn

%: acrobat
@: bat-form, flying, very quick
A: fast, flying, no casting, sickness immunity, AC +8, tiny, negative energy
resistance 1, (electricity resistance), torment resistance 1, petrification
resistance
a: Renounce Religion, Fiery Armour, Foxfire Swarm, Rising Flame


You were on level 9 of the Dungeon.
You worshipped Ignis.
Ignis was pleased with you.
You were a bat.
You visited 1 branch of the dungeon, and saw 9 of its levels.


Innate Abilities, Weirdness & Mutations

You are a bat.
You are tiny and dextrous.
You move quickly.
You are flying.
Your equipment is almost entirely melded.
You are incapable of wielding weapons or throwing items.
You cannot cast spells.
You are immune to sickness and miasma.
((Your stone body is resilient. (AC +8)))
You are immune to poison.
You resist negative energy. (rN+)
((You are resistant to electric shocks. (rElec)))
You are resistant to unholy torment.
You are immune to petrification.


   Skills:
 + Level 8.0 Fighting
 - Level 11.1 Axes
 - Level 8.4 Armour
 - Level 1.7 Dodging
 - Level 5.7 Shields
 - Level 1.0 Spellcasting
 - Level 3.0 Fire Magic


You had 12 spell levels left.
You didn't know any spells.
Your spell library contained the following spells:

 Spells                   Type           Power      Damage    Failure   Level
 Scorch                   Fire           18%        2d5       12%         2

Inventory:

Hand Weapons
 Y - a +3 war axe of draining (melded)
Armour
 b - a +0 plate armour (melded)
 d - a +0 buckler (melded)
 k - a +0 pair of gloves (melded)
 m - a +0 pair of boots (melded)
 o - a +0 cloak (melded)
 p - a +1 chain mail of fire resistance
Jewellery
 a - the amulet of Dithmenos's Delight (around neck) {Acrobat rElec rN+ Stlth+}
   (You found it on level 5 of the Dungeon)

   [amulet of the acrobat]

   It increases your evasion while moving and waiting.
   rElec:     It insulates you from electricity.
   rN:        It protects you from negative energy.
   Stlth:     It makes you more stealthy.
 f - a ring of protection from cold (melded)
 l - a +5 ring of evasion (melded)
 s - an amulet of guardian spirit
Scrolls
 h - a scroll of identify
Potions
 i - a potion of heal wounds
 j - 2 potions of might
 r - a potion of mutation {unknown}

Dungeon Overview and Level Annotations

Branches:
Dungeon (9/15)             Temple (0/1) D:5
   Lair: D:8-11         Orc: D:9-12

Altars:
Ashenzari
Dithmenos
Okawaru
Xom

Shops:
D:4 (:   D:5 =[

Annotations:
D:9 Maurice


Message History

Maurice drinks a potion.
Maurice is healed!
You completely miss Maurice.
Maurice is moderately wounded.
Maurice hits you with a +0 dagger!
Maurice steals 401 gold pieces!
You now have 0 gold pieces.
Maurice completely misses you.
You hit Maurice.
Maurice is heavily wounded.
Maurice closely misses you.
You hit Maurice.
Maurice is heavily wounded.
Maurice closely misses you.
You hit Maurice.
Maurice is heavily wounded.
Maurice misses you.
You hit Maurice but do no damage.
Maurice is heavily wounded.
Maurice casts a spell.
Maurice flickers and vanishes!
Deactivating autopickup; reactivate with Ctrl-A.
Autopickup is now on.
Lua error: [string "/dgldir/rcfiles/crawl-bot-0.30/qwlua.rc"]:3701: Cannot currently process new keys (there is pending input) Deactivating autopickup; reactivate with Ctrl-A.
You hit something. Something hits you.
Something steals your 3 potions of curing!
You hit something. Something hits you.
Something grunts, "Curses!"
You closely miss something. Something hits you!
Something grunts, "Curses!"
You hit something but do no damage. Something hits you!
Something groans, "What are you, a monk?"
You closely miss something. Something hits you!
Something mutters, "Now where did you hide it?"
You miss something. Something hits you.
You die...

... .......# ..
......# ####....#
........# ........#
........######
.............#
##########....#.{..#
..............#.b..#
..............#....#
..............#....#
..............#....#
##).....############
............
.............
..............
.............?


There were no monsters in sight!

Vanquished Creatures
  A two-headed ogre (D:8)
  Pikel (D:8)
  Maggie (D:8)
  Eustachio (D:5)
  14 yaks
  2 steam dragons
  4 water moccasins
  A sky beast (D:6)
  An orc warrior (D:8)
  3 ogres
  A black bear (D:4)
  3 centaurs
  2 lemures (D:8)
  A phantom (D:4)
  2 bullfrogs (D:7)
  3 scorpions
  2 gnoll sergeants
  5 wights
  6 killer bees
  3 howler monkeys (D:7)
  5 hounds
  A jelly (D:4)
  3 orc priests
  7 orc wizards
  5 gnolls
  8 adders
  2 shadow imps
  A white imp (D:6)
  3 ufetubi
  3 worms
  2 dart slugs
  35 orcs
  5 ball pythons
  5 endoplasms
  3 giant cockroaches
  13 goblins
  11 hobgoblins
  3 jackals (D:2)
  4 kobolds
  4 quokkas
  6 bats
  2 frilled lizards
  6 rats
194 creatures vanquished.

Vanquished Creatures (others)
  A bullfrog (D:7)
1 creature vanquished.

Grand Total: 195 creatures vanquished

Notes
Turn   | Place    | Note
-------+----------+-------------------------------------------
     0 | D:1      | qw the Gargoyle Cinder Acolyte began the quest for the Orb.
     0 | D:1      | Reached XP level 1. HP: 14/14 MP: 2/2
     0 | D:1      | 0 ||| qw: Version: 0.2-a-95-g206ef33
     0 | D:1      | 0 ||| qw: Game counter: 185
     0 | D:1      | 0 ||| qw: Always use a shield: true
     0 | D:1      | 0 ||| qw: God list: Okawaru
     0 | D:1      | 0 ||| qw: Allow faded altars: false
     0 | D:1      | 0 ||| qw: Do Orc after D:15 true
     0 | D:1      | 0 ||| qw: Do second Lair branch before Depths: true
     0 | D:1      | 0 ||| qw: Lair rune preference: random
     0 | D:1      | 0 ||| qw: Plans: Normal
     0 | D:1      | 0 ||| PLANNING D:1-11
   238 | D:1      | 238 ||| INVOKING Fiery Armour.
   361 | D:1      | Reached skill level 3 in Axes
   485 | D:1      | Reached XP level 2. HP: 16/19 MP: 3/3
  1079 | D:1      | 1079 ||| UPGRADING to +0 ring mail.
  1089 | D:1      | 1089 ||| DROPPING +0 robe.
  1090 | D:1      | 1090 ||| UPGRADING to +5 ring of evasion.
  1091 | D:1      | 1091 ||| READING 3 scrolls labelled AMEIXY CYLANWA.
  1092 | D:1      | 1092 ||| READING scroll labelled GUOTAE OBURE.
  1093 | D:1      | 1093 ||| READING scroll labelled URUESSIACU.
  1094 | D:1      | 1094 ||| READING 2 scrolls labelled WUUKLO ADOCK.
  1095 | D:1      | 1095 ||| DRINKING 2 golden potions.
  1096 | D:1      | 1096 ||| DROPPING 2 scrolls of poison.
  1097 | D:1      | 1097 ||| DROPPING potion of attraction.
  1146 | D:2      | 1146 ||| STAIRDANCE
  1223 | D:2      | Reached XP level 3. HP: 21/23 MP: 4/4
  1232 | D:2      | 1232 ||| Stepping ~*~*~tactically~*~*~ (stealth).
  1234 | D:2      | 1234 ||| Stepping ~*~*~tactically~*~*~ (stealth).
  1243 | D:2      | Reached skill level 4 in Axes
  1308 | D:2      | 1308 ||| SWAPPING to +0 war axe.
  1315 | D:2      | 1315 ||| INVOKING Fiery Armour.
  1327 | D:2      | Reached skill level 1 in Armour
  1409 | D:2      | Noticed a scorpion
  1416 | D:2      | Reached XP level 4. HP: 28/28 MP: 5/5
  1418 | D:2      | Killed a scorpion
  1419 | D:2      | Reached XP level 5. HP: 27/32 MP: 6/6
  1421 | D:2      | Reached skill level 5 in Axes
  1446 | D:2      | 1446 ||| Stepping ~*~*~tactically~*~*~ (stealth).
  1447 | D:2      | 1447 ||| Stepping ~*~*~tactically~*~*~ (stealth).
  1564 | D:2      | 1564 ||| Stepping ~*~*~tactically~*~*~ (hiding).
  1566 | D:2      | 1566 ||| Stepping ~*~*~tactically~*~*~ (hiding).
  1643 | D:2      | Found a faded altar of an unknown god.
  1751 | D:2      | 1751 ||| UPGRADING to +0 plate armour.
  1761 | D:2      | 1761 ||| DROPPING +0 ring mail.
  1814 | D:3      | 1814 ||| Stepping ~*~*~tactically~*~*~ (stealth).
  2214 | D:3      | 2214 ||| INVOKING Fiery Armour.
  2221 | D:3      | HP: 6/32 [orc priest/+0 flail (6)]
  2224 | D:3      | Reached skill level 3 in Armour
  2224 | D:3      | Reached XP level 6. HP: 4/37 MP: 7/7
  2581 | D:3      | 2581 ||| UPGRADING to +0 buckler.
  2586 | D:3      | 2586 ||| UPGRADING to +0 pair of boots.
  2591 | D:3      | 2591 ||| UPGRADING to +0 cloak.
  2596 | D:3      | 2596 ||| READING 2 scrolls labelled HYTTEZX WOEB QOABB.
  2597 | D:3      | 2597 ||| READING scroll labelled IHOREONIAC.
  2598 | D:3      | 2598 ||| READING 3 scrolls labelled UGA SEUCEF PIJ.
  2603 | D:3      | 2603 ||| READING 2 scrolls of identify.
  2603 | D:3      | 2603 ||| IDENTIFYING inky potion
  2604 | D:3      | 2604 ||| DROPPING scroll of amnesia.
  2605 | D:3      | 2605 ||| DROPPING potion of brilliance.
  2628 | D:4      | 2628 ||| STAIRDANCE
  2632 | D:3      | Reached skill level 1 in Shields
  2688 | D:4      | Found a shadowy altar of Dithmenos.
  2689 | D:4      | Found a broken altar of Ashenzari.
  2724 | D:4      | Found Zaatz's Book Emporium.
  2764 | D:4      | 2764 ||| READING scroll labelled CUSISE ECIUSIGH.
  2791 | D:4      | Found an iron altar of Okawaru.
  2794 | D:4      | 2794 ||| Stepping ~*~*~tactically~*~*~ (hiding).
  2796 | D:4      | 2796 ||| Stepping ~*~*~tactically~*~*~ (hiding).
  2913 | D:4      | 2913 ||| Stepping ~*~*~tactically~*~*~ (hiding).
  2973 | D:4      | 2973 ||| Stepping ~*~*~tactically~*~*~ (stealth).
  2975 | D:4      | 2975 ||| Stepping ~*~*~tactically~*~*~ (stealth).
  2977 | D:4      | 2977 ||| Stepping ~*~*~tactically~*~*~ (stealth).
  3070 | D:4      | 3070 ||| Stepping ~*~*~tactically~*~*~ (stealth).
  3075 | D:4      | 3075 ||| Stepping ~*~*~tactically~*~*~ (hiding).
  3088 | D:4      | Reached XP level 7. HP: 43/44 MP: 8/8
  3322 | D:4      | 3322 ||| READING scroll labelled TAEBRA VUOSU.
  3323 | D:4      | 3323 ||| READING scroll labelled SOMUSCH XONA.
  3324 | D:4      | 3324 ||| READING 2 scrolls of identify.
  3324 | D:4      | 3324 ||| IDENTIFYING fizzy puce potion
  3325 | D:4      | 3325 ||| DROPPING potion of magic.
  3335 | D:4      | Reached skill level 6 in Axes
  3350 | D:4      | Reached skill level 3 in Shields
  3541 | D:4      | Found Ajicauvimp's Antique Weapon Boutique.
  3696 | D:4      | 3696 ||| UPGRADING to ring of protection from cold.
  3697 | D:4      | 3697 ||| DRINKING 2 brown potions.
  3698 | D:4      | 3698 ||| DRINKING 2 silvery potions.
  3699 | D:4      | 3699 ||| READING 3 scrolls of identify.
  3699 | D:4      | 3699 ||| IDENTIFYING bubbling blue potion
  3700 | D:4      | 3700 ||| READING 2 scrolls of identify.
  3700 | D:4      | 3700 ||| IDENTIFYING green potion
  3701 | D:4      | 3701 ||| DROPPING potion of invisibility.
  3702 | D:4      | 3702 ||| DROPPING potion of flight.
  3725 | D:5      | Entered Level 5 of the Dungeon
  3777 | D:5      | Reached XP level 8. HP: 39/48 MP: 9/9
  3891 | D:5      | Found Syre's Jewellery Boutique.
  3900 | D:5      | 3900 ||| SHOPLISTING +4 ring of protection (360 gold, have
                  | 259).
  3900 | D:5      | 3900 ||| SHOPLISTING +5 ring of evasion (360 gold, have
                  | 259).
  3900 | D:5      | 3900 ||| SHOPLISTING +6 ring of dexterity (360 gold, have
                  | 259).
  3900 | D:5      | 3900 ||| SHOPLISTING +6 ring of strength (360 gold, have
                  | 259).
  3900 | D:5      | 3900 ||| SHOPLISTING amulet of reflection (300 gold, have
                  | 259).
  3900 | D:5      | 3900 ||| SHOPLISTING ring "Kiwuizuhuzo" {rPois Str+2 Int+6}
                  | (514 gold, have 259).
  3905 | D:5      | Identified the amulet of Dithmenos's Delight {Acrobat rElec
                  | rN+ Stlth+}
  3921 | D:5      | Noticed Eustachio
  3938 | D:5      | 3938 ||| INVOKING Fiery Armour.
  3944 | D:5      | Killed Eustachio
  3945 | D:5      | Reached skill level 7 in Axes
  3997 | D:5      | 3997 ||| Stepping ~*~*~tactically~*~*~ (hiding).
  4010 | D:5      | 4010 ||| Stepping ~*~*~tactically~*~*~ (stealth).
  4028 | D:5      | Found a staircase to the Ecumenical Temple.
  4053 | D:5      | 4053 ||| READING scroll of enchant weapon.
  4053 | D:5      | 4053 ||| ENCHANTING +1 war axe.
  4143 | D:5      | Identified the +1 chain mail of the Ditch-Digger {Harm
                  | *Slow rC++ Stlth+}
  4426 | D:5      | Found Rocy's Armour Shop.
  4434 | D:5      | 4434 ||| SHOPLISTING +8 plate armour of Mirth {+Blink rF+
                  | rC+} (1183 gold, have 266).
  4492 | D:5      | 4492 ||| READING scroll of enchant weapon.
  4492 | D:5      | 4492 ||| ENCHANTING +2 war axe.
  4635 | D:5      | 4635 ||| DROPPING +1 chain mail of the Ditch-Digger {Harm
                  | *Slow rC++ Stlth+}.
  4636 | D:5      | 4636 ||| UPGRADING to amulet of Dithmenos's Delight
                  | {Acrobat rElec rN+ Stlth+}.
  4729 | D:6      | 4729 ||| READING 2 scrolls of identify.
  4729 | D:6      | 4729 ||| IDENTIFYING cyan potion
  4736 | D:6      | 4736 ||| Stepping ~*~*~tactically~*~*~ (hiding).
  4740 | D:6      | 4740 ||| Stepping ~*~*~tactically~*~*~ (hiding).
  4741 | D:6      | 4741 ||| Stepping ~*~*~tactically~*~*~ (hiding).
  4851 | D:6      | 4851 ||| STAIRDANCE
  4907 | D:6      | 4907 ||| Stepping ~*~*~tactically~*~*~ (hiding).
  5005 | D:6      | 5005 ||| Stepping ~*~*~tactically~*~*~ (stealth).
  5007 | D:6      | 5007 ||| Stepping ~*~*~tactically~*~*~ (hiding).
  5010 | D:6      | 5010 ||| Stepping ~*~*~tactically~*~*~ (hiding).
  5019 | D:6      | Reached skill level 8 in Axes
  5036 | D:6      | 5036 ||| READING scroll labelled TOEVEH XUMIAWK.
  5040 | D:6      | 5040 ||| Stepping ~*~*~tactically~*~*~ (stealth).
  5041 | D:6      | 5041 ||| Stepping ~*~*~tactically~*~*~ (stealth).
  5042 | D:6      | 5042 ||| Stepping ~*~*~tactically~*~*~ (stealth).
  5061 | D:6      | 5061 ||| STAIRDANCE
  5062 | D:5      | Noticed a rust devil
  5062 | D:5      | Noticed a rust devil
  5063 | D:5      | 5063 ||| INVOKING Fiery Armour.
  5070 | D:5      | 5070 ||| READING 2 scrolls of teleportation.
  5071 | D:5      | HP: 10/49 [rust devil (5)]
  5072 | D:5      | 5072 ||| DRINKING potion of heal wounds.
  5191 | D:6      | Noticed a yak
  5192 | D:6      | Noticed a yak
  5193 | D:6      | 5193 ||| Stepping ~*~*~tactically~*~*~ (stealth).
  5194 | D:6      | Noticed a yak
  5195 | D:6      | Noticed a yak
  5196 | D:6      | 5196 ||| Stepping ~*~*~tactically~*~*~ (stealth).
  5201 | D:6      | Noticed a yak
  5211 | D:6      | Killed a yak
  5212 | D:6      | Reached skill level 6 in Fighting
  5219 | D:6      | Killed a yak
  5220 | D:6      | Reached XP level 9. HP: 33/55 MP: 10/10
  5232 | D:6      | Reached skill level 9 in Axes
  5236 | D:6      | 5236 ||| INVOKING Fiery Armour.
  5655 | D:7      | Reached skill level 6 in Armour
  5711 | D:7      | 5711 ||| Stepping ~*~*~tactically~*~*~ (hiding).
  5765 | D:7      | 5765 ||| Stepping ~*~*~tactically~*~*~ (stealth).
  5813 | D:7      | 5813 ||| Stepping ~*~*~tactically~*~*~ (stealth).
  5854 | D:7      | 5854 ||| INVOKING Fiery Armour.
  5870 | D:7      | Reached skill level 10 in Axes
  5870 | D:7      | Reached XP level 10. HP: 38/63 MP: 11/11
  6055 | D:7      | 6055 ||| INVOKING Fiery Armour.
  6066 | D:7      | 6066 ||| Stepping ~*~*~tactically~*~*~ (hiding).
  6238 | D:7      | Found a shimmering altar of Xom.
  6533 | D:7      | 6533 ||| DRINKING 2 fizzy silvery potions.
  6638 | D:7      | 6638 ||| DROPPING potion of berserk rage.
  6660 | D:8      | 6660 ||| Stepping ~*~*~tactically~*~*~ (hiding).
  6690 | D:8      | 6690 ||| Stepping ~*~*~tactically~*~*~ (hiding).
  6692 | D:8      | 6692 ||| Stepping ~*~*~tactically~*~*~ (hiding).
  6693 | D:8      | 6693 ||| Stepping ~*~*~tactically~*~*~ (hiding).
  6694 | D:8      | 6694 ||| Stepping ~*~*~tactically~*~*~ (hiding).
  6921 | D:8      | Noticed Maggie
  6921 | D:8      | Noticed Pikel
  6925 | D:8      | 6925 ||| Stepping ~*~*~tactically~*~*~ (hiding).
  6937 | D:8      | Killed Pikel
  6946 | D:8      | Killed Maggie
  6947 | D:8      | Reached skill level 1 in Dodging
  7019 | D:8      | 7019 ||| Stepping ~*~*~tactically~*~*~ (stealth).
  7022 | D:8      | 7022 ||| Stepping ~*~*~tactically~*~*~ (stealth).
  7023 | D:8      | 7023 ||| Stepping ~*~*~tactically~*~*~ (stealth).
  7024 | D:8      | 7024 ||| Stepping ~*~*~tactically~*~*~ (stealth).
  7037 | D:8      | 7037 ||| Stepping ~*~*~tactically~*~*~ (hiding).
  7133 | D:8      | 7133 ||| Stepping ~*~*~tactically~*~*~ (stealth).
  7144 | D:8      | 7144 ||| Stepping ~*~*~tactically~*~*~ (stealth).
  7150 | D:8      | 7150 ||| Stepping ~*~*~tactically~*~*~ (hiding).
  7153 | D:8      | 7153 ||| Stepping ~*~*~tactically~*~*~ (hiding).
  7212 | D:8      | 7212 ||| Stepping ~*~*~tactically~*~*~ (stealth).
  7214 | D:8      | 7214 ||| Stepping ~*~*~tactically~*~*~ (hiding).
  7215 | D:8      | 7215 ||| Stepping ~*~*~tactically~*~*~ (hiding).
  7222 | D:8      | 7222 ||| Stepping ~*~*~tactically~*~*~ (stealth).
  7396 | D:8      | 7396 ||| UPGRADING to +0 pair of gloves.
  7401 | D:8      | 7401 ||| READING 3 scrolls of identify.
  7401 | D:8      | 7401 ||| IDENTIFYING bubbling sapphire potion
  7402 | D:8      | 7402 ||| READING 2 scrolls of identify.
  7402 | D:8      | 7402 ||| IDENTIFYING sedimented cyan potion
  7403 | D:8      | 7403 ||| DROPPING potion of degeneration.
  7436 | D:9      | 7436 ||| INVOKING Fiery Armour.
  7437 | D:9      | 7437 ||| STAIRDANCE
  7460 | D:9      | Noticed a two-headed ogre
  7473 | D:9      | 7473 ||| STAIRDANCE
  7476 | D:8      | Reached skill level 11 in Axes
  7477 | D:8      | Killed a two-headed ogre
  7478 | D:8      | Reached XP level 11. HP: 47/68 MP: 12/12
  7576 | D:9      | Noticed Maurice
  7601 | D:9      | HP: 12/68 [something (9)]
  7602 | D:9      | HP: 5/68 [something (7)]
  7603 | D:9      | Slain by Maurice

Levels and vault maps discovered:
D:1:      dpeg_arrival_another_circle, layout_basic,
          hangedman_decor_clover_reticule
D:2:      cheibrodos_greedy_goblins, layout_rooms,
          shapermc_ecumenical_altar_acropolis
D:3:      layout_loops_cross
D:4:      layout_basic, okawaru_ov_weapons_minmay, nicolae_overflow_squiral,
          serial_shops, nicolae_book_shop_shelving,
          nicolae_shop_tiny_waterfront, kennysheep_nondescript,
          minmay_joined_circles
D:5:      cheibrodos_iron_armory, layout_loops_ring, temple_hall, serial_shops,
          shop, minivault_14, minmay_shop_enchanted_jewellery,
          chequers_serial_rivers_small_a, minmay_misc_feat_rugged,
          uniq_eustachio
D:6:      layout_rooms
D:7:      layout_basic, mainiacjoe_overflow_brackets, minivault_24
D:8:      layout_cave_pools, uniq_maggie, uniq_pikel
D:9:      cheibrodos_barr_body, layout_grid_maze,
          beargit_hepliaklqana_dungeon_heroes,
          lemuel_mausoleum_altar_yredelemnul, amcnicky_mini_pool_small,
          uniq_maurice

Skill      XL: |  1  2  3  4  5  6  7  8  9 10 |
---------------+-------------------------------+-----
Axes           | 3 4 5 6 8 10 11 | 11.1
Armour         | 1 3 4 5 6 8 |  8.4
Shields        | 2 3 4 5 |  5.7
Fighting       | 4 6 7 8 |  8.0
Dodging        | 1 |  1.7
Spellcasting   | |  1.0
Fire Magic     | |  3.0

Action                     |  1- 3 |  4- 6 |  7- 9 | 10-12 || total
---------------------------+-------+-------+-------+-------++-------
  Melee: Hand axe          |    86 |       |       |       ||    86
         War axe           |    33 |   151 |   271 |   122 ||   577
         Unarmed           |       |       |       |    19 ||    19
  Throw: Boomerang         |       |       |     4 |       ||     4
 Invoke: Fiery Armour      |     2 |     1 |     4 |     2 ||     9
    Use: Scroll            |     4 |     5 |    10 |     2 ||    21
         Potion            |     1 |       |     3 |     1 ||     5
 Armour: Robe              |    15 |       |       |       ||    15
         Ring mail         |    24 |    12 |       |       ||    36
         Plate armour      |       |    63 |   142 |    79 ||   284
  Dodge: Dodged            |    86 |    75 |   146 |    98 ||   405
  Block: Buckler           |       |     4 |    42 |    33 ||    79

Table legend:
 A = Non-vault XP
 B = Vault XP
 C = Vault XP percentage of total XP
 D = Non-vault monster count
 E = Vault monster count
 F = Vault count percentage of total count
                 A         B        C        D         E       F
            +---------+---------+-------+---------+---------+-------
      Total |    8047 |    1706 |  17.5 |     172 |      21 |  10.9
            +---------+---------+-------+---------+---------+-------
        D:1 |      18 |       0 |   0.0 |      11 |       0 |   0.0
        D:2 |     168 |      19 |  10.2 |      26 |      10 |  27.8
        D:3 |     182 |       0 |   0.0 |      23 |       0 |   0.0
        D:4 |     348 |     387 |  52.7 |      17 |       8 |  32.0
        D:5 |     444 |     208 |  31.9 |      13 |       1 |   7.1
        D:6 |    1648 |       0 |   0.0 |      22 |       0 |   0.0
        D:7 |    2374 |       0 |   0.0 |      31 |       0 |   0.0
        D:8 |    1961 |    1092 |  35.8 |      22 |       2 |   8.3
        D:9 |     904 |       0 |   0.0 |       7 |       0 |   0.0
            +---------+---------+-------+---------+---------+-------
